 Dungeon Crawl Stone Soup version 0.31-a0-1308-ga3cce3a (webtiles) character file.

Game seed: 9077214608639207837

20565 PublicAnimeNo1 the Carver (level 12, -8/107 (112) HPs)
             Began as a Minotaur Fighter on Dec 19, 2023.
             Was a High Priest of Okawaru.
             Killed from afar by an orc sorcerer (19 damage)
             ... with a bolt of fire
             ... on level 1 of the Orcish Mines.
             The game lasted 00:18:46 (12841 turns).

PublicAnimeNo1 the Carver (Minotaur Fighter)       Turns: 12841, Time: 00:18:46

HP:   -8/107 (112)  AC: 16    Str: 23    XL:     12   Next: 46%
MP:   15/15         EV: 15    Int:  5    God:    Okawaru [*****.]
Gold: 635           SH:  0    Dex: 13    Spells: 11/11 levels left

rFire   . . .        H - +4 great sword (holy)
rCold   . . .        (shield currently unavailable)
rNeg    . . .        v - +0 acid dragon scales
rPois   +            (helmet restricted)
rElec   .            (no cloak)
rCorr   +            g - +0 pair of gloves
SInv    .            O - +0 pair of boots {Fly}
Will    .....        (no amulet)
Stlth   +            l - +4 ring of protection
HPRegen 0.37/turn    o - ring of poison resistance
MPRegen 0.14/turn

%: no passive effects
@: flying, lightly drained
A: horns 2, retaliatory headbutt
a: Renounce Religion, Heroism, Finesse, Duel


You were on level 1 of the Orcish Mines.
You worshipped Okawaru.
Okawaru was extremely pleased with you.
You visited 4 branches of the dungeon, and saw 15 of its levels.
You also visited: Bailey.

You collected 936 gold pieces.
You spent 255 gold pieces at shops.
You donated 46 gold pieces to Zin.

Inventory:

Hand Weapons
 a - a +1 long sword of venom
 j - the +1 falchion "Quimofint" {flame, rF+ rC+}
   (You found it on level 4 of the Dungeon)

   rF+:       It protects you from fire.
   rC+:       It protects you from cold.
 H - a +4 great sword of holy wrath (weapon)
Missiles
 f - 3 javelins (quivered)
 C - 2 throwing nets
 D - 3 silver javelins
Armour
 c - a +1 buckler
 g - a +0 pair of gloves (worn)
 v - +0 acid dragon scales (worn)
 y - a scarf of shadows
 O - a +0 pair of boots of flying (worn)
Jewellery
 k - a ring of wizardry
 l - a +4 ring of protection (left hand)
 n - a +4 ring of protection
 o - a ring of poison resistance (right hand)
 r - a ring of protection from cold
 J - a ring of fire
 M - a ring of positive energy
 N - a +6 ring of strength
Wands
 e - a wand of mindburst (17)
 B - a wand of acid (15)
 I - a wand of polymorph (11)
 K - a wand of iceblast (5)
Scrolls
 i - 4 scrolls of teleportation
 m - a scroll of silence
 x - 4 scrolls of fog
 F - a scroll of enchant weapon
 G - a scroll of fear
 L - a scroll of enchant armour
Potions
 b - 2 potions of invisibility
 d - a potion of might
 h - 5 potions of haste
 p - 2 potions of attraction
 q - 2 potions of cancellation
 s - 5 potions of brilliance
 t - 3 potions of resistance
 u - 3 potions of curing
 w - 2 potions of mutation {unknown}
 z - a potion of ambrosia
 E - a potion of lignification


   Skills:
 + Level 12.0 Fighting
 - Level 13.0 Long Blades
 + Level 3.7 Throwing
 + Level 12.0 Armour
 + Level 9.5 Dodging
 - Level 6.0 Shields
 + Level 5.7 Invocations


You had 11 spell levels left.
You didn't know any spells.
Your spell library contained the following spells:

 Spells                   Type           Power      Damage    Failure   Level
 Magic Dart               Conj           0%         1d3       54%         1
 Static Discharge         Conj/Air       0%         3-3/arc   67%         2
 Mephitic Cloud           Conj/Pois/Air  0%         N/A       88%         3
 Airstrike                Air            0%         2d(0-16)  99%         4
 Borgnjor's Vile Clutch   Necr/Erth      0%         N/A       100%        5
 Summon Small Mammal      Summ           Unusable   N/A       N/A         1
 Call Imp                 Summ           Unusable   N/A       N/A         2
 Call Canine Familiar     Summ           Unusable   N/A       N/A         3
 Summon Guardian Golem    Hex/Summ       Unusable   N/A       N/A         3
 Animate Dead             Necr           Unusable   N/A       N/A         4
 Summon Lightning Spire   Summ/Air       Unusable   N/A       N/A         4
 Death Channel            Necr           Unusable   N/A       N/A         6

Dungeon Overview and Level Annotations

Branches:
Dungeon (11/15)            Temple (1/1) D:4            Lair (2/5) D:8
    Orc (1/2) D:11         Bailey (visited)
  Swamp: Lair:2-3    Shoals: Lair:2-3     Snake: Lair:2-3    Spider: Lair:2-3

Altars:
Ashenzari
Cheibriados
Dithmenos
Elyvilon
Fedhas
Gozag
Hepliaklqana
Kikubaaqudgha
Makhleb
Nemelex Xobeh
Okawaru
Qazlal
Ru
Sif Muna
Trog
Uskayaw
Vehumet
Wu Jian
Xom
Yredelemnul
Zin
The Shining One

Shops:
D:4 =   Orc:1 [

Annotations:
D:10 4 runed translucent doors
Lair:2 3 runed translucent doors


Innate Abilities, Weirdness & Mutations

You have a pair of horns on your head.
You reflexively headbutt those who attack you in melee.


Message History

An orc comes into view. It is wielding a +0 club.
Your surroundings suddenly seem different.
The orc sorcerer shouts!
The orc shouts!
The orc sorcerer gestures at you while chanting.
The bolt of negative energy hits you!
You feel drained.
* * * LOW HITPOINT WARNING * * *
The orc moves out of view.
You barely miss the orc sorcerer.
The orc sorcerer is heavily wounded.
The orc sorcerer hits you with a +0 dagger.
* * * LOW HITPOINT WARNING * * *
You closely miss the orc sorcerer.
You headbutt the orc sorcerer, but do no damage.
The orc sorcerer is heavily wounded.
You feel a little less mighty now.
The orc sorcerer points at you and mumbles some strange words.
The bolt of negative energy hits you!
You feel drained.
* * * LOW HITPOINT WARNING * * *
Okay, then.
You hit the orc sorcerer but do no damage.
The orc sorcerer is heavily wounded.
The orc sorcerer hits you but does no damage.
You closely miss the orc sorcerer.
The orc sorcerer is heavily wounded.
The orc sorcerer hits you but does no damage.
You hit the orc sorcerer.
The orc sorcerer is severely wounded.
The orc sorcerer closely misses you. You furiously retaliate!
You headbutt the orc sorcerer.
You hear a shout!
You hit the orc sorcerer.
The orc sorcerer is almost dead.
The orc sorcerer hits you but does no damage.
The orc hits you but does no damage.
You closely miss the orc sorcerer.
You headbutt the orc sorcerer, but do no damage.
The orc sorcerer is almost dead.
The orc sorcerer points at you and mumbles some strange words.
The bolt of fire hits you!!
You die...

## #..#..##.....#.....# #.#
##.##.........#.....#
##.###..##............∩...
###...#...).#....##......#.#
#.........T##......##..#####
###..#.....#..........#### #
#...###....#.....##..## ##
.#.#............o...#....# ####.
....#......##..o@.....#.## ##.##.
....##.#...###...#...#### #.....
..................##.# ##.#..
..#...))#.....#..##### ##.....
#...<##....##.....# #.....#
........#..........## ###.....
.....#...........##### ###..#....
#^..####.####....###.###....###..
.... #.. ##..#))...........#..


You could see a troll, an orc sorcerer and an orc.

Vanquished Creatures
  3 two-headed ogres
  A boulder beetle (D:11)
  3 orc sorcerers (Orc:1)
  A kobold blastminer (Orc:1)
  2 cane toads (Lair:1)
  A kobold demonologist (D:9)
  Jeremiah (D:7)
  A rime drake (Lair:1)
  A komodo dragon (Lair:1)
  2 trolls
  Grinder (D:6)
  6 hornets (Orc:1)
  2 vampires
  5 spriggans (Bailey)
  A wyvern (D:9)
  A basilisk (Lair:1)
  27 yaks
  A shadow (D:11)
  A human (D:11)
  Eustachio (D:6)
  4 hogs (D:11)
  4 steam dragons
  4 vampire mosquitoes (D:10)
  Grum (D:9)
  3 acid dragons
  Duvessa (D:4)
  8 water moccasins
  A sky beast (D:7)
  7 orc warriors
  A black bear (Lair:1)
  7 wolves
  3 centaurs (D:9)
  7 ogres
  2 kobold brigands (D:7)
  2 phantoms
  A scorpion (D:6)
  2 bullfrogs
  A gnoll sergeant (D:9)
  Dowan (D:4)
  9 killer bees
  4 howler monkeys
  2 electric eels (D:8)
  10 hounds
  9 orc priests
  A gnoll bouda (D:4)
  8 orc wizards
  Terence (D:2)
  2 iguanas
  Natasha (thrice) (D:4)
  9 adders
  9 gnolls
  3 shadow imps
  4 ufetubi (D:6)
  A worm (D:2)
  A dart slug (D:4)
  31 orcs
  A ball python (D:4)
  5 bats
  4 endoplasms
  4 giant cockroaches
  10 goblins
  9 hobgoblins
  6 jackals (D:3)
  8 quokkas
  10 kobolds
  5 rats
291 creatures vanquished.

Notes
Turn   | Place    | Note
-------+----------+-------------------------------------------
     0 | D:1      | PublicAnimeNo1 the Minotaur Fighter began the quest for the
                  | Orb.
     0 | D:1      | Reached XP level 1. HP: 19/19 MP: 0/0
    84 | D:1      | Reached XP level 2. HP: 27/27 MP: 1/1
    94 | D:1      | Found a faded altar of an unknown god.
   109 | D:1      | Reached skill level 3 in Long Blades
   114 | D:1      | Prayed at the altar of an unknown god.
   114 | D:1      | Became a worshipper of Zin the Law-Giver
   114 | D:1      | Reached * piety under Zin
   424 | D:2      | Reached XP level 3. HP: 33/33 MP: 2/2
   479 | D:2      | Noticed Terence
   486 | D:2      | Killed Terence
   742 | D:2      | Reached ** piety under Zin
   749 | D:2      | Reached XP level 4. HP: 40/40 MP: 3/3
  1044 | D:3      | Reached skill level 4 in Long Blades
  1393 | D:3      | Found a glowing golden altar of the Shining One.
  1708 | D:4      | Reached XP level 5. HP: 47/47 MP: 4/4
  2043 | D:4      | Found a staircase to the Ecumenical Temple.
  2064 | D:4      | Reached skill level 5 in Long Blades
  2071 | Temple   | Entered the Ecumenical Temple
  2239 | D:4      | Identified the +1 falchion "Quimofint" {flame, rF+ rC+}
  2273 | D:4      | Reached XP level 6. HP: 55/55 MP: 5/5
  2275 | D:4      | Noticed Dowan
  2276 | D:4      | Noticed Duvessa
  2292 | D:4      | Reached skill level 5 in Shields
  2298 | D:4      | Reached skill level 5 in Fighting
  2303 | D:4      | Killed Duvessa
  2304 | D:4      | Reached skill level 5 in Armour
  2322 | D:4      | Killed Dowan
  2406 | D:4      | Found Jaqoh's Jewellery Shoppe.
  2423 | D:4      | Reached *** piety under Zin
  2445 | D:4      | Reached skill level 6 in Long Blades
  2480 | D:4      | Noticed Natasha
  2484 | D:4      | Killed Natasha
  2485 | D:4      | Reached XP level 7. HP: 61/61 MP: 6/6
  2508 | D:4      | Found a basalt altar of Yredelemnul.
  2578 | D:4      | Found a sparkling altar of Nemelex Xobeh.
  2620 | D:4      | Noticed Natasha
  2626 | D:4      | Killed Natasha
  2655 | D:4      | Noticed Natasha
  2661 | D:4      | Killed Natasha
  2780 | D:5      | Entered Level 5 of the Dungeon
  2889 | D:5      | Reached skill level 7 in Long Blades
  3023 | D:5      | Found a shimmering altar of Xom.
  3044 | D:5      | Reached **** piety under Zin
  3294 | D:6      | Reached XP level 8. HP: 62/70 MP: 7/7
  3404 | D:6      | Reached ***** piety under Zin
  3428 | D:6      | Reached skill level 1 in Dodging
  3514 | D:6      | Reached skill level 8 in Long Blades
  3895 | D:6      | Noticed Grinder
  3904 | D:6      | Paralysed by Grinder for 2 turns
  3905 | D:6      | Killed Grinder
  3971 | D:6      | Noticed Eustachio
  3984 | D:6      | Killed Eustachio
  3985 | D:6      | Reached skill level 9 in Long Blades
  4138 | D:6      | Reached XP level 9. HP: 79/79 MP: 8/8
  4715 | D:7      | Noticed Jeremiah
  4738 | D:7      | Killed Jeremiah
  4739 | D:7      | Reached skill level 10 in Long Blades
  4875 | D:7      | Found an iron altar of Okawaru.
  4935 | D:7      | Fell from the grace of Zin
  4935 | D:7      | Became a worshipper of Warmaster Okawaru
  5088 | D:7      | Found a shimmering blue altar of Sif Muna.
  5255 | D:8      | Found a shimmering altar of Xom.
  5282 | D:8      | Found a burning altar of Makhleb.
  5393 | D:8      | Found a sacrificial altar of Ru.
  5424 | D:8      | Found a staircase to the Lair.
  5500 | D:8      | Reached * piety under Okawaru
  5796 | D:8      | Noticed a troll
  5803 | D:8      | Killed a troll
  5804 | D:8      | Reached skill level 5 in Dodging
  6037 | D:8      | Reached skill level 11 in Long Blades
  6184 | D:8      | Reached XP level 10. HP: 75/90 MP: 9/9
  6196 | D:8      | Reached ** piety under Okawaru
  6645 | D:9      | Found a broken altar of Ashenzari.
  7017 | D:9      | Noticed Grum
  7021 | D:9      | Reached skill level 12 in Long Blades
  7034 | D:9      | Killed Grum
  7045 | D:9      | Reached *** piety under Okawaru
  7221 | D:9      | Reached **** piety under Okawaru
  7490 | D:9      | Reached skill level 13 in Long Blades
  7490 | D:9      | Reached XP level 11. HP: 31/99 MP: 10/10
  7983 | D:9      | Found a hide-covered altar of Uskayaw.
  8279 | Lair:1   | Entered Level 1 of the Lair of Beasts
  8435 | Lair:1   | Reached skill level 10 in Fighting
  8435 | Lair:1   | Reached skill level 10 in Armour
  8435 | Lair:1   | Reached skill level 1 in Invocations
  9398 | Lair:2   | Noticed a five-headed hydra
  9436 | Lair:2   | Found a runed translucent gate.
  9437 | Lair:2   | Found a runed translucent gate.
  9439 | Lair:2   | Found a runed translucent gate.
  9518 | Lair:2   | Noticed a catoblepas
  9585 | D:10     | Entered Level 10 of the Dungeon
  9613 | D:10     | Found a runed translucent door.
  9613 | D:10     | Noticed a two-headed ogre
  9785 | D:10     | Killed a two-headed ogre
  9785 | D:10     | Reached ***** piety under Okawaru
  9999 | D:10     | Found a flagged portal.
 10009 | Bailey   | Entered a bailey
 10082 | Bailey   | Received a gift from Okawaru
 10256 | Bailey   | Noticed a two-headed ogre
 10269 | Bailey   | Killed a two-headed ogre
 10270 | Bailey   | Reached skill level 1 in Throwing
 10393 | D:10     | You fall into a shaft and drop 1 floor!
 10495 | D:10     | Noticed a deep elf zephyrmancer
 10495 | D:10     | Noticed a sixfirhy
 10495 | D:10     | Noticed a spark wasp
 10500 | D:10     | Noticed a shock serpent
 10592 | D:10     | Found a runed translucent door.
 10598 | D:10     | Found a runed translucent door.
 10598 | D:10     | Found the +5 Storm Queen's Shield {shock, Fly rElec}
 10598 | D:10     | Noticed a storm dragon
 10828 | D:10     | Found a runed translucent door.
 10833 | D:10     | Noticed a two-headed ogre
 10834 | D:10     | Noticed a spark wasp
 10838 | D:10     | Killed a two-headed ogre
 10839 | D:10     | Reached XP level 12. HP: 62/110 MP: 14/14
 11273 | D:11     | Found a staircase to the Orcish Mines.
 11627 | D:11     | Reached skill level 5 in Invocations
 11851 | D:11     | Noticed a boulder beetle
 11863 | D:11     | Killed a boulder beetle
 12309 | Orc:1    | Entered Level 1 of the Orcish Mines
 12430 | Orc:1    | Found Ziddofio's Antique Armour Shoppe.
 12437 | Orc:1    | Bought a pair of embroidered boots for 255 gold pieces
 12775 | Orc:1    | Paralysed by a hornet for 1 turns
 12820 | Orc:1    | Noticed an ettin
 12841 | Orc:1    | Killed from afar by an orc sorcerer

Illustrated notes

Levels and vault maps discovered:
D:1:      dpeg_arrival_rooms_b, layout_rooms, basic_ecumenical_altar
D:2:      wad_pebble_path, layout_basic, uniq_terence
D:3:      layout_basic, general_overflow_altar
D:4:      layout_basic, nemelex_dance_club_becter, lemuel_round_altar,
          minmay_temple_entry_grid, serial_shops, shop, uniq_duvessa,
          uniq_natasha
D:5:      cheibrodos_quashed, layout_cave_pools, amcnicky_altar_gilded
D:6:      layout_loops_cross, chequers_serial_rivers_marsh, uniq_eustachio,
          uniq_grinder
D:7:      layout_basic, lemuel_blue_sif_altar, mainiacjoe_overflow_alcove_4,
          kennysheep_flooded_box, uniq_jeremiah
D:8:      layout_loops_corners, bloody_makhleb, erik_lair_island,
          hangedman_feature_mirror
D:9:      layout_basic, overflow_temple_1_default,
          mainiacjoe_overflow_cross_hatched, uniq_grum
D:10:     layout_irregular_city, enter_bailey_4,
          nicolae_guarded_unrand_storm_shield
D:11:     layout_cave_pods, minmay_orc_entry_temple_small, grunt_livestock
Temple:   cyrus_circular_temple
Lair:1:   layout_cave_shapes, lemuel_fruit_tree, infiniplex_staircase_pool_2
Lair:2:   layout_gridlike, nicolae_spider_entry_orb_guardian,
          gammafunk_ghost_icy
Orc:1:    hellmonk_paralyzer, layout_diamond_mine, serial_shops, shop

Skill      XL: |  1  2  3  4  5  6  7  8  9 10 11 12 |
---------------+-------------------------------------+-----
Long Blades    | 3 4 5 6 7 9 11 13 | 13.0
Armour         | 4 5 6 7 8 9 11 12 | 12.0
Shields        | 4 5 6 |  6.0
Fighting       | 4 5 6 7 8 9 11 12 | 12.0
Dodging        | 3 5 6 8 9 |  9.5
Invocations    | 4 5 |  5.7
Throwing       | 1 3 |  3.7

Action                     |  1- 3 |  4- 6 |  7- 9 | 10-12 || total
---------------------------+-------+-------+-------+-------++-------
  Melee: Long sword        |    53 |   118 |   286 |   422 ||   879
         Headbutt          |    11 |    24 |    44 |   131 ||   210
         Great sword       |       |       |       |   139 ||   139
  Throw: Javelin           |       |       |     7 |    11 ||    18
 Invoke: Heroism           |       |       |       |     4 ||     4
  Evoke: Wand              |       |       |     2 |       ||     2
    Use: Scroll            |     1 |     8 |    10 |     5 ||    24
         Potion            |       |       |       |     8 ||     8
 Armour: Scale mail        |    29 |   111 |    67 |       ||   207
         Acid dragon scale |       |       |   106 |   351 ||   457
         Skin              |       |       |       |    18 ||    18
  Dodge: Dodged            |    28 |    70 |   114 |   301 ||   513
  Block: Buckler           |    10 |    46 |    83 |   107 ||   246

Table legend: (Time is in decaauts)
 A = Elapsed time spent in this place.
 B = Non-inter-level travel time spent in this place.
 C = Inter-level travel time spent in this place.
 D = Time resting spent in this place.
 E = Time spent auto-exploring this place.
 F = Levels seen in this place.
 G = Mean time per level.
                   A        B        C        D        E       F      G
               +--------+--------+--------+--------+--------+-----+--------+
         Total |  12795 |  12297 |    498 |   1667 |   8516 |  16 |  799.7 |
       Dungeon |  10543 |  10128 |    415 |   1373 |   7095 |  11 |  958.5 |
        Temple |    140 |    140 |      0 |      0 |    139 |   1 |  140.0 |
          Lair |   1273 |   1191 |     82 |      0 |   1021 |   2 |  636.5 |
  Orcish Mines |    510 |    510 |      0 |    177 |    230 |   1 |  510.0 |
        Bailey |    327 |    327 |      0 |    117 |     30 |   1 |  327.0 |
               +--------+--------+--------+--------+--------+-----+--------+

Top non-repeatable levels by time:
     D:9: 1907 daAuts
     D:8: 1235 daAuts
  Lair:1: 1170 daAuts
    D:11: 1151 daAuts
     D:6: 1100 daAuts
    D:10: 1087 daAuts
     D:4: 987 daAuts
     D:7: 877 daAuts
     D:3: 660 daAuts
     D:2: 612 daAuts
   Orc:1: 510 daAuts
     D:5: 506 daAuts
     D:1: 418 daAuts
  Bailey: 327 daAuts
  Temple: 140 daAuts
